 Dungeon Crawl Stone Soup version 0.31-a0-466-g98c9adc2b6 (webtiles) character file.

Game seed: 7076150488741914812

47935 Implojin the Mimic (level 14, -5/103 HPs)
             Began as a Demonspawn Shapeshifter on Aug 5, 2023.
             Was a High Priest of Okawaru.
             Constricted to death by Jorgrun (11 damage)
             ... on level 12 of the Dungeon.
             The game lasted 00:57:13 (21557 turns).

Implojin the Mimic (Demonspawn Shapeshifter)       Turns: 21557, Time: 00:57:14

Health: -5/103     AC:  8    Str: 17    XL:     14   Next: 10%
Magic:  0/20       EV: 20    Int:  6    God:    Okawaru [*****.]
Gold:   545        SH:  0    Dex: 23    Spells: 13/13 levels left

rFire   . .          .
                       - Unarmed
rCold   . . .        (shield currently unavailable)
rNeg    + + .        C - +5 steam dragon scales "Forget-Me-Not" {rElec rN+ Int-4}
rPois   .            L - +0 hat {SInv}
rElec   +            (cloak unavailable)
rCorr   .            x - melded +1 pair of gloves {hurl}
SInv    +            (no boots)
Will    ++...        f - amulet of the acrobat
Stlth   +++          v - ring of positive energy
HPRegen 1.17/turn    d - +6 ring of dexterity
MPRegen 0.34/turn

%: acrobat, guardian spirit
@: blade hands, heroic, grasped by roots, constricted
A: foul stench 1, magic shield, magic regeneration, sturdy frame 2, demonic
willpower, weakness stinger 3, talons 1, regeneration 1
a: Begin Untransformation, Renounce Religion, Heroism, Finesse, Duel


You were on level 12 of the Dungeon.
You worshipped Okawaru.
Okawaru was extremely pleased with you.
You had blades for hands.
You visited 3 branches of the dungeon, and saw 18 of its levels.
You also visited: Bailey.

You collected 1029 gold pieces.
You spent 484 gold pieces at shops.

Inventory:

Missiles
 e - 114 stones
 g - 38 poisoned darts
 h - 4 datura-tipped darts
 j - 3 javelins
 t - 2 throwing nets
 u - 11 boomerangs
 B - a curare-tipped dart (quivered)
 K - 3 silver javelins
 R - 6 atropa-tipped darts
Armour
 b - the +2 cloak of Oqi Tutic {rC+ Dex+3}
   (You acquired it on level 5 of the Dungeon)

   Dex:       It affects your dexterity (+3).
   rC:        It protects you from cold.
 o - the +2 plate armour of Wasted Space {rF- Regen+ rCorr Dex+8}
   (Okawaru gifted it to you on level 2 of the Lair of Beasts)

   Dex:       It affects your dexterity (+8).
   rF:        It makes you vulnerable to fire.
   Regen:     It increases your rate of health regeneration.
   rCorr:     It protects you from acid and corrosion.
 x - a +1 pair of gloves of hurling (melded)
 z - a +0 buckler
 C - the +5 steam dragon scales "Forget-Me-Not" (worn) {rElec rN+ Int-4}
   (You found it in a bailey)

   Int:       It affects your intelligence (-4).
   rElec:     It insulates you from electricity.
   rN:        It protects you from negative energy.
 J - a +0 helmet
 L - a +0 hat of see invisible (worn)
Jewellery
 d - a +6 ring of dexterity (right blade hand)
 f - an amulet of the acrobat (around neck)
 v - a ring of positive energy (left blade hand)
Talismans
 c - a beast talisman
 p - a blade talisman (active)
Wands
 A - a wand of digging (2)
 N - a wand of polymorph (8)
Scrolls
 k - 2 scrolls of teleportation
 m - a scroll of fog
 n - 2 scrolls of identify
 r - a scroll of fear
 y - 2 scrolls of enchant armour
 E - a scroll of vulnerability
Potions
 a - 3 potions of ambrosia {unknown}
 i - 5 potions of might
 l - 2 potions of berserk rage {unknown}
 s - 3 potions of enlightenment
 F - 3 potions of mutation
 G - 2 potions of magic {unknown}
 H - 2 potions of haste
 I - 2 potions of experience {unknown}
 Q - 2 potions of resistance
 S - 6 potions of curing
 T - a potion of attraction {unknown}
 U - 2 potions of cancellation {unknown}
Miscellaneous
 D - a phial of floods (inert)


   Skills:
 - Level 7.0(12.0) Fighting
 - Level 3.6(8.6) Maces & Flails
 - Level 3.0(8.0) Throwing
 - Level 8.0(13.0) Dodging
 - Level 10.0(15.0) Unarmed Combat
 - Level 8.0 Invocations
 - Level 6.0 Evocations
 * Level 13.6 Shapeshifting


You had 13 spell levels left.
You didn't know any spells.
Your spell library contained the following spells:

 Spells                   Type           Power      Damage    Failure   Level
 Sandblast                Erth           0%         2d4       85%         1
 Ensorcelled Hibernation  Hex/Ice        0%         N/A       91%         2
 Passwall                 Tmut/Erth      0%         N/A       91%         2
 Dazzling Flash           Conj/Hex       0%         N/A       98%         3
 Portal Projectile        Hex/Tloc       0%         N/A       98%         3
 Stone Arrow              Conj/Erth      0%         3d7       98%         3
 Swiftness                Air            0%         N/A       98%         3
 Volatile Blastmotes      Fire/Tloc      0%         2d10      98%         3
 Leda's Liquefaction      Hex/Erth       0%         N/A       100%        4
 Lee's Rapid Deconstruct  Erth           0%         3d4*      100%        5
 Leda's Unmaking          Conj/Erth      0%         9d1       100%        6
 Starburst                Conj/Fire      0%         6d3       100%        6
 Maxwell's Capacitive Co  Air            0%         ∞         100%        8
 Call Canine Familiar     Summ           Unusable   N/A       N/A         3

Dungeon Overview and Level Annotations

Branches:
Dungeon (12/15)            Temple (1/1) D:4            Lair (5/5) D:9
  Swamp (0/4) Lair:2        Snake (0/4) Lair:3        Slime (0/5) Lair:4
    Orc (0/2) D:10         Bailey (visited)

Altars:
Ashenzari
Cheibriados
Dithmenos
Fedhas
Gozag
Hepliaklqana
Kikubaaqudgha
Makhleb
Nemelex Xobeh
Okawaru
Qazlal
Ru
Sif Muna
Trog
Uskayaw
Vehumet
Wu Jian
Xom
Yredelemnul
Jiyva

Portals:
Trove: D:12 (give 6 scrolls of fog)

Annotations:
D:8 3 runed translucent doors, exclusion: 3 doors
D:11 2 transporters
D:12 Jorgrun


Innate Abilities, Weirdness & Mutations

You have blades for hands.
Your spellcasting is less reliable in this form.
You are incapable of wielding weapons or throwing items.
You may rarely emit foul miasma when damaged in melee.
When hurt, damage is shared between your health and your magic reserves.
You regenerate magic rapidly.
Your movements are less encumbered by armour. (ER -4)
You punish those that try to bend your will. (Will+)
You have a sharp stinger which inflicts weakening toxins.
You have sharp toenails.
Your natural rate of healing is unusually fast.


Message History

Danger: Jorgrun |T3| Reason: Petrify and low Will You slash Jorgrun!
Jorgrun is lightly wounded.
Jorgrun splashes around in the water.
Danger: Jorgrun |T3| Reason: Petrify and low Will You slice Jorgrun!!
Your kick misses Jorgrun. You tail-slap Jorgrun.
Jorgrun looks weaker.
Jorgrun is heavily wounded.
Jorgrun hits you with a staff of earth. Jorgrun misses you.
Danger: Jorgrun |T3| Reason: Petrify and low Will You miss Jorgrun.
Your kick misses Jorgrun.
Jorgrun is heavily wounded.
Danger: Jorgrun |T3| Reason: Petrify and low Will You barely miss Jorgrun.
You claw Jorgrun.
Jorgrun is heavily wounded.
Jorgrun hits you with a staff of earth. Jorgrun shatters you!
Jorgrun hits you with a staff of earth.
Danger: Jorgrun |T3| Reason: Petrify and low Will Danger: Low HP Warning |T2| Reason: 50% HP (52/103)
You completely miss Jorgrun.
Jorgrun is heavily wounded.
Jorgrun is no longer waterlogged.
Jorgrun gestures at you while chanting.
Roots burst forth from the earth!
The grasping roots grab you! The grasping roots constrict you!
Danger: Jorgrun |T3| Reason: Petrify and low Will Danger: Low HP Warning |T2| Reason: 38% HP (40/103) Unknown command.
You slice Jorgrun!! Your slash misses Jorgrun.
Jorgrun is severely wounded.
Danger: Jorgrun |T3| Reason: Petrify and low Will Danger: Low HP Warning |T2| Reason: 39% HP (41/103) Unknown command.
You closely miss Jorgrun. You claw Jorgrun, but do no damage.
Jorgrun is severely wounded.
Jorgrun says, "Tha earth be me home, an' ye be trespassing!"
Jorgrun gestures at you while chanting. The entropic shot hits you!!!
The grasping roots constrict you!
You die...

#..........
#..........
#..........
#......~...
#...~~~~...
#...~~~~...
#...g~~....
#@######
#......###
######...#
########'######+##
#.........##......
#..........#.###.#
#.....>....#...#.#
#..........#.###.#
#.........)#.#...#


You could see Jorgrun (weak).

Vanquished Creatures
  Gastronok (D:9)
  A dire elephant (Lair:5)
  2 hydras
  2 catoblepae (Lair:5)
  A deep troll shaman (Lair:5)
  3 two-headed ogres
  7 death yaks (Lair:5)
  A skyshark (Lair:5)
  A swamp dragon (Lair:2)
  A cyclops (D:11)
  14 elephants
  5 black mambas
  A gargoyle (D:10)
  12 cane toads
  2 unseen horrors
  8 komodo dragons
  A kobold demonologist (D:11)
  A hornet (D:9)
  3 polar bears
  22 blink frogs
  4 dream sheep (Lair:5)
  27 yaks
  6 wyverns
  4 spriggans (Bailey)
  3 wraiths
  A vampire (D:11)
  5 steam dragons
  4 vampire mosquitoes (D:11)
  A basilisk (Lair:2)
  2 nagas (Lair:3)
  An acid dragon (D:11)
  Duvessa (D:6)
  16 water moccasins
  6 orc warriors
  A sky beast (D:6)
  3 black bears
  8 ogres
  2 ice beasts
  28 wolves
  4 centaurs
  7 kobold brigands
  9 bullfrogs
  A gnoll sergeant (D:12)
  8 scorpions
  5 wights (D:7)
  Dowan (D:6)
  5 electric eels (Lair:2)
  2 howler monkeys (D:11)
  A sleepcap (D:5)
  5 jellies
  5 hounds
  14 orc priests
  Jessica (D:3)
  6 hell rats (Lair:5)
  19 orc wizards
  6 iguanas
  24 gnolls
  8 adders
  2 shadow imps
  2 white imps (D:7)
  A worm (D:2)
  3 dart slugs
  43 orcs
  8 endoplasms
  3 giant cockroaches
  6 goblins
  10 hobgoblins
  4 jackals (D:3)
  6 quokkas
  10 ball pythons
  2 bats (D:2)
  5 frilled lizards
  21 kobolds
  3 rats
472 creatures vanquished.

Vanquished Creatures (others)
  An orc wizard (D:11)
  An orc (D:6)
2 creatures vanquished.

Grand Total: 474 creatures vanquished

Notes
Turn   | Place    | Note
-------+----------+-------------------------------------------
     0 | D:1      | Implojin the Demonspawn Shapeshifter began the quest for
                  | the Orb.
     0 | D:1      | Reached XP level 1. HP: 15/15 MP: 1/1
    97 | D:1      | Danger: Low HP Warning |T2| Reason: 53% HP (8/15)
    98 | D:1      | Danger: Low HP Warning |T2| Reason: 53% HP (8/15)
    99 | D:1      | Danger: Low HP Warning |T2| Reason: 53% HP (8/15)
   100 | D:1      | Danger: Low HP Warning |T2| Reason: 53% HP (8/15)
   138 | D:1      | Danger: Low HP Warning |T2| Reason: 46% HP (7/15)
   139 | D:1      | Gained mutation: You regenerate magic rapidly. [demonic
                  | ancestry]
   139 | D:1      | Reached XP level 2. HP: 10/21 MP: 2/2
  1232 | D:2      | Gained mutation: You have a small tail. [demonic ancestry]
  1232 | D:2      | Reached XP level 3. HP: 17/26 MP: 3/3
  1454 | D:2      | Danger: Low HP Warning |T2| Reason: 50% HP (13/26)
  2238 | D:3      | Noticed Jessica
  2239 | D:3      | Danger: Jessica |T2| Reason: Slow and low Will, careful
  2239 | D:3      | Danger: Jessica |T2| Reason: Unique monster, careful!
  2247 | D:3      | Danger: Jessica |T2| Reason: Slow and low Will, careful
  2247 | D:3      | Danger: Jessica |T2| Reason: Unique monster, careful!
  2254 | D:3      | Killed Jessica
  2255 | D:3      | Reached skill level 3 in Shapeshifting
  2255 | D:3      | Reached XP level 4. HP: 33/33 MP: 4/4
  2461 | D:3      | Reached skill level 1 in Maces & Flails
  2465 | D:3      | Danger: gnoll |T3| Reason: Quivering throwing nets, watch
                  | out!
  2468 | D:3      | Danger: gnoll |T3| Reason: Quivering throwing nets, watch
                  | out!
  2470 | D:3      | Danger: gnoll |T3| Reason: Quivering throwing nets, watch
                  | out!
  2471 | D:3      | Danger: gnoll |T3| Reason: Quivering throwing nets, watch
                  | out!
  2472 | D:3      | Danger: gnoll |T3| Reason: Quivering throwing nets, watch
                  | out!
  2750 | D:3      | Reached XP level 5. HP: 38/38 MP: 5/5
  2891 | D:3      | Found a bloodstained altar of Trog.
  2993 | D:3      | Danger: orc priest |T2| Reason: OOD monster, careful!
  3004 | D:3      | Danger: orc priest |T2| Reason: OOD monster, careful!
  3011 | D:3      | Danger: orc priest |T2| Reason: OOD monster, careful!
  3027 | D:2      | Danger: Low HP Warning |T2| Reason: 60% HP (23/38)
  3083 | D:3      | Danger: orc priest |T2| Reason: OOD monster, careful!
  3185 | D:4      | Noticed an ogre
  3196 | D:3      | Danger: Low HP Warning |T2| Reason: 57% HP (22/38)
  3408 | D:4      | Found a staircase to the Ecumenical Temple.
  3446 | D:4      | Danger: orc wizard |T2| Reason: OOD monster, careful!
  3446 | D:4      | Danger: orc wizard |T2| Reason: OOD monster, careful!
  3447 | D:4      | Danger: orc priest |T2| Reason: OOD monster, careful!
  3451 | D:4      | Danger: orc wizard |T2| Reason: OOD monster, careful!
  3454 | D:4      | Danger: orc wizard |T2| Reason: OOD monster, careful!
  3456 | D:4      | Danger: orc priest |T2| Reason: OOD monster, careful!
  3459 | D:4      | Danger: orc wizard |T2| Reason: OOD monster, careful!
  3466 | D:4      | Gained mutation: You may rarely emit foul miasma when
                  | damaged in melee. [demonic ancestry]
  3466 | D:4      | Reached XP level 6. HP: 37/47 MP: 6/6
  3468 | D:4      | Danger: Low HP Warning |T2| Reason: 51% HP (24/47)
  3469 | D:4      | Danger: Low HP Warning |T2| Reason: 34% HP (16/47)
  3470 | D:4      | Danger: Low HP Warning |T3| Reason: 14% HP (7/47)
  3471 | D:4      | Danger: Low HP Warning |T3| Reason: 15% HP (11/70)
  3472 | D:4      | Danger: Low HP Warning |T3| Reason: 15% HP (11/70)
  3473 | D:4      | Danger: Low HP Warning |T3| Reason: 15% HP (11/70)
  3474 | D:4      | Danger: Low HP Warning |T3| Reason: 17% HP (12/70)
  3475 | D:4      | Danger: Low HP Warning |T3| Reason: 17% HP (12/70)
  3476 | D:4      | Danger: Low HP Warning |T3| Reason: 10% HP (7/70)
  3477 | D:4      | Danger: Low HP Warning |T3| Reason: 10% HP (7/70)
  3477 | D:4      | Gained mutation: You are weak. (Str -2) [potion of
                  | mutation]
  3477 | D:4      | Gained mutation: You occasionally shout uncontrollably at
                  | your foes. [potion of mutation]
  3477 | D:4      | Gained mutation: You do not regenerate when monsters are
                  | visible. [potion of mutation]
  3477 | D:4      | Gained mutation: You have sharp toenails. [potion of
                  | mutation]
  3478 | D:4      | Danger: Low HP Warning |T3| Reason: 5% HP (4/70)
  3479 | D:4      | Danger: Low HP Warning |T2| Reason: 38% HP (27/70)
  3480 | D:4      | Danger: Low HP Warning |T2| Reason: 38% HP (27/70)
  3721 | Temple   | Entered the Ecumenical Temple
  3750 | Temple   | Became a worshipper of Warmaster Okawaru
  3830 | D:4      | You fall into a shaft and drop 2 floors!
  3830 | D:4      | Danger: Shafted! |T3| Reason: Shafted!
  3831 | D:6      | Noticed a steam dragon
  3832 | D:6      | Danger: steam dragon |T2| Reason: Steam Ball deals more
                  | than 50% MHP!
  3837 | D:6      | Danger: steam dragon |T2| Reason: Steam Ball deals more
                  | than 50% MHP!
  3841 | D:6      | Noticed a water moccasin
  3842 | D:6      | Danger: orc |T2| Reason: Quivering boomerangs, careful!
  3845 | D:6      | Danger: orc |T2| Reason: Quivering boomerangs, careful!
  3846 | D:6      | Danger: Low HP Warning |T2| Reason: 60% HP (29/48)
  3867 | D:6      | Danger: Low HP Warning |T2| Reason: 54% HP (26/48)
  3868 | D:6      | Danger: Low HP Warning |T2| Reason: 54% HP (26/48)
  3904 | D:6      | Noticed an orc warrior
  3979 | D:6      | Reached skill level 1 in Evocations
  3984 | D:6      | Found an ornate altar of the Wu Jian Council.
  4015 | D:6      | Danger: Low HP Warning |T2| Reason: 58% HP (28/48)
  4016 | D:6      | Danger: Low HP Warning |T2| Reason: 58% HP (28/48)
  4107 | D:6      | Noticed Duvessa
  4108 | D:6      | Danger: Duvessa |T2| Reason: Unique monster, careful!
  4113 | D:6      | Danger: Duvessa |T2| Reason: Unique monster, careful!
  4122 | D:6      | Reached XP level 7. HP: 50/54 MP: 7/7
  4123 | D:6      | Danger: Duvessa |T2| Reason: Unique monster, careful!
  4132 | D:6      | Noticed Dowan
  4133 | D:6      | Danger: Dowan |T2| Reason: Unique monster, careful!
  4134 | D:6      | Danger: Low HP Warning |T2| Reason: 59% HP (32/54)
  4135 | D:6      | Danger: Low HP Warning |T2| Reason: 46% HP (25/54)
  4136 | D:6      | Danger: Low HP Warning |T2| Reason: 45% HP (37/81)
  4137 | D:6      | Danger: Low HP Warning |T2| Reason: 45% HP (37/81)
  4138 | D:6      | Danger: Low HP Warning |T2| Reason: 45% HP (37/81)
  4139 | D:6      | Danger: Low HP Warning |T2| Reason: 39% HP (32/81)
  4140 | D:6      | Danger: Low HP Warning |T2| Reason: 29% HP (24/81)
  4141 | D:6      | Danger: Low HP Warning |T2| Reason: 29% HP (24/81)
  4141 | D:6      | Killed Duvessa
  4141 | D:6      | Reached * piety under Okawaru
  4142 | D:6      | Danger: Low HP Warning |T2| Reason: 29% HP (24/81)
  4143 | D:6      | Danger: Low HP Warning |T2| Reason: 29% HP (24/81)
  4143 | D:6      | Killed Dowan
  4331 | D:6      | Danger: steam dragon |T2| Reason: Steam Ball deals more
                  | than 50% MHP!
  4335 | D:6      | Danger: steam dragon |T2| Reason: Steam Ball deals more
                  | than 50% MHP!
  4337 | D:6      | Danger: Low HP Warning |T2| Reason: 50% HP (27/54)
  4338 | D:6      | Danger: Low HP Warning |T2| Reason: 50% HP (27/54)
  4339 | D:6      | Danger: Low HP Warning |T2| Reason: 50% HP (27/54)
  4339 | D:6      | Killed a steam dragon
  4340 | D:6      | Danger: Low HP Warning |T2| Reason: 50% HP (27/54)
  4341 | D:6      | Danger: Low HP Warning |T2| Reason: 50% HP (27/54)
  4342 | D:6      | Danger: Low HP Warning |T2| Reason: 50% HP (27/54)
  4343 | D:6      | Danger: Low HP Warning |T2| Reason: 50% HP (27/54)
  4344 | D:6      | Danger: Low HP Warning |T2| Reason: 50% HP (27/54)
  4345 | D:6      | Danger: Low HP Warning |T2| Reason: 50% HP (27/54)
  4346 | D:6      | Danger: Low HP Warning |T2| Reason: 50% HP (27/54)
  4347 | D:6      | Danger: Low HP Warning |T2| Reason: 50% HP (27/54)
  4348 | D:6      | Danger: Low HP Warning |T2| Reason: 50% HP (27/54)
  4349 | D:6      | Danger: Low HP Warning |T2| Reason: 50% HP (27/54)
  4350 | D:6      | Danger: Low HP Warning |T2| Reason: 50% HP (27/54)
  4351 | D:6      | Danger: Low HP Warning |T2| Reason: 50% HP (27/54)
  4352 | D:6      | Danger: Low HP Warning |T2| Reason: 50% HP (27/54)
  4353 | D:6      | Danger: Low HP Warning |T2| Reason: 50% HP (27/54)
  4359 | D:6      | Danger: Low HP Warning |T2| Reason: 53% HP (29/54)
  4360 | D:6      | Danger: Low HP Warning |T2| Reason: 53% HP (29/54)
  4366 | D:6      | Danger: Low HP Warning |T2| Reason: 55% HP (30/54)
  4367 | D:6      | Danger: Low HP Warning |T2| Reason: 55% HP (30/54)
  4368 | D:6      | Danger: Low HP Warning |T2| Reason: 55% HP (30/54)
  4369 | D:6      | Danger: Low HP Warning |T2| Reason: 57% HP (31/54)
  4371 | D:6      | Danger: Low HP Warning |T2| Reason: 57% HP (31/54)
  4372 | D:6      | Danger: Low HP Warning |T2| Reason: 57% HP (31/54)
  4373 | D:6      | Danger: Low HP Warning |T2| Reason: 57% HP (31/54)
  4374 | D:6      | Danger: Low HP Warning |T2| Reason: 57% HP (31/54)
  4375 | D:6      | Danger: Low HP Warning |T2| Reason: 57% HP (31/54)
  4376 | D:5      | Entered Level 5 of the Dungeon
  4376 | D:5      | Found a broken altar of Ashenzari.
  4462 | D:5      | Reached skill level 5 in Evocations
  4564 | D:4      | Danger: Low HP Warning |T2| Reason: 33% HP (18/54)
  4565 | D:4      | Gained mutation: Your movements are slightly less
                  | encumbered by armour. (ER -2) [demonic ancestry]
  4565 | D:4      | Reached XP level 8. HP: 20/60 MP: 10/10
  4880 | D:4      | Danger: orc wizard |T2| Reason: OOD monster, careful!
  4881 | D:4      | Danger: orc wizard |T2| Reason: OOD monster, careful!
  4895 | D:4      | Danger: orc wizard |T2| Reason: OOD monster, careful!
  4896 | D:4      | Danger: orc priest |T2| Reason: OOD monster, careful!
  4900 | D:4      | Danger: orc priest |T2| Reason: OOD monster, careful!
  4903 | D:4      | Danger: Low HP Warning |T2| Reason: 55% HP (33/60)
  4904 | D:4      | Danger: orc wizard |T2| Reason: OOD monster, careful!
  4904 | D:4      | Danger: Low HP Warning |T2| Reason: 55% HP (33/60)
  4995 | D:4      | Danger: orc priest |T2| Reason: OOD monster, careful!
  4995 | D:4      | Danger: orc wizard |T2| Reason: OOD monster, careful!
  4996 | D:4      | Danger: Low HP Warning |T2| Reason: 53% HP (32/60)
  4997 | D:4      | Danger: Low HP Warning |T2| Reason: 31% HP (19/60)
  4998 | D:4      | Danger: Low HP Warning |T2| Reason: 31% HP (19/60)
  4999 | D:4      | Danger: Low HP Warning |T2| Reason: 31% HP (19/60)
  5164 | D:4      | Danger: orc wizard |T2| Reason: OOD monster, careful!
  5826 | D:5      | Reached ** piety under Okawaru
  5829 | D:5      | Danger: Low HP Warning |T2| Reason: 55% HP (33/60)
  5830 | D:5      | Danger: Low HP Warning |T2| Reason: 43% HP (26/60)
  5831 | D:5      | Danger: Low HP Warning |T2| Reason: 43% HP (26/60)
  5832 | D:5      | Danger: Low HP Warning |T2| Reason: 38% HP (23/60)
  5833 | D:5      | Danger: Low HP Warning |T2| Reason: 38% HP (23/60)
  6089 | D:5      | Found Reohyo's Distillery.
  6094 | D:5      | Bought a potion of haste for 110 gold pieces
  6094 | D:5      | Bought a potion of curing for 33 gold pieces
  6094 | D:5      | Bought a potion of heal wounds for 55 gold pieces
  6100 | D:5      | Identified a scroll of acquirement
  6103 | D:5      | Acquired the +2 cloak of Oqi Tutic {rC+ Dex+3}
  6276 | D:5      | Reached skill level 4 in Shapeshifting
  6395 | D:5      | Danger: Low HP Warning |T2| Reason: 60% HP (36/60)
  6396 | D:5      | Danger: Low HP Warning |T2| Reason: 60% HP (36/60)
  6397 | D:5      | Danger: Low HP Warning |T2| Reason: 51% HP (31/60)
  6398 | D:5      | Danger: Low HP Warning |T2| Reason: 46% HP (28/60)
  6399 | D:5      | Danger: Low HP Warning |T2| Reason: 45% HP (27/60)
  6400 | D:5      | Danger: Low HP Warning |T2| Reason: 41% HP (25/60)
  6401 | D:5      | Danger: Low HP Warning |T2| Reason: 38% HP (23/60)
  6402 | D:5      | Danger: Low HP Warning |T2| Reason: 33% HP (20/60)
  6405 | D:5      | Danger: Low HP Warning |T2| Reason: 53% HP (32/60)
  6406 | D:5      | Danger: Low HP Warning |T2| Reason: 50% HP (30/60)
  6407 | D:5      | Danger: Low HP Warning |T2| Reason: 41% HP (25/60)
  6408 | D:5      | Danger: Low HP Warning |T2| Reason: 46% HP (28/60)
  6409 | D:5      | Danger: Low HP Warning |T2| Reason: 46% HP (28/60)
  6410 | D:5      | Danger: Low HP Warning |T2| Reason: 46% HP (28/60)
  6411 | D:5      | Danger: Low HP Warning |T2| Reason: 46% HP (28/60)
  6412 | D:5      | Danger: Low HP Warning |T2| Reason: 46% HP (28/60)
  6413 | D:5      | Danger: Low HP Warning |T2| Reason: 46% HP (28/60)
  6414 | D:5      | Danger: Low HP Warning |T2| Reason: 43% HP (26/60)
  6415 | D:5      | Danger: Low HP Warning |T2| Reason: 43% HP (26/60)
  6416 | D:5      | Danger: Low HP Warning |T2| Reason: 43% HP (26/60)
  6417 | D:5      | Danger: Low HP Warning |T2| Reason: 43% HP (26/60)
  6418 | D:5      | Danger: Low HP Warning |T2| Reason: 36% HP (22/60)
  6419 | D:5      | Danger: Low HP Warning |T2| Reason: 36% HP (22/60)
  6420 | D:5      | Danger: Low HP Warning |T2| Reason: 36% HP (22/60)
  6421 | D:5      | Danger: Low HP Warning |T2| Reason: 35% HP (21/60)
  6422 | D:5      | Danger: Low HP Warning |T2| Reason: 35% HP (21/60)
  6423 | D:5      | Danger: Low HP Warning |T2| Reason: 26% HP (16/60)
  6424 | D:5      | Danger: Low HP Warning |T2| Reason: 26% HP (16/60)
  6425 | D:5      | Danger: Low HP Warning |T2| Reason: 26% HP (16/60)
  6426 | D:5      | Danger: Low HP Warning |T2| Reason: 26% HP (16/60)
  6427 | D:5      | Danger: Low HP Warning |T2| Reason: 26% HP (16/60)
  6428 | D:5      | Danger: Low HP Warning |T2| Reason: 26% HP (16/60)
  6429 | D:5      | Danger: Low HP Warning |T2| Reason: 26% HP (16/60)
  6458 | D:5      | Danger: Low HP Warning |T2| Reason: 38% HP (23/60)
  6459 | D:5      | Danger: Low HP Warning |T2| Reason: 38% HP (23/60)
  6460 | D:5      | Danger: Low HP Warning |T2| Reason: 38% HP (23/60)
  6461 | D:5      | Danger: Low HP Warning |T2| Reason: 38% HP (23/60)
  6462 | D:5      | Danger: Low HP Warning |T2| Reason: 38% HP (23/60)
  6463 | D:5      | Danger: Low HP Warning |T2| Reason: 38% HP (23/60)
  6464 | D:5      | Danger: Low HP Warning |T2| Reason: 38% HP (23/60)
  6465 | D:5      | Danger: Low HP Warning |T2| Reason: 38% HP (23/60)
  6466 | D:5      | Danger: Low HP Warning |T2| Reason: 38% HP (23/60)
  6467 | D:5      | Danger: Low HP Warning |T2| Reason: 38% HP (23/60)
  6468 | D:5      | Danger: Low HP Warning |T2| Reason: 38% HP (23/60)
  6469 | D:5      | Danger: Low HP Warning |T2| Reason: 38% HP (23/60)
  6470 | D:5      | Danger: Low HP Warning |T2| Reason: 38% HP (23/60)
  6471 | D:5      | Danger: Low HP Warning |T2| Reason: 38% HP (23/60)
  6472 | D:5      | Danger: Low HP Warning |T2| Reason: 38% HP (23/60)
  6714 | D:5      | Danger: orc |T2| Reason: Quivering boomerangs, careful!
  6720 | D:5      | Danger: Low HP Warning |T2| Reason: 55% HP (33/60)
  6721 | D:5      | Danger: Low HP Warning |T2| Reason: 55% HP (33/60)
  6722 | D:5      | Danger: Low HP Warning |T2| Reason: 45% HP (27/60)
  6723 | D:5      | Danger: Low HP Warning |T2| Reason: 35% HP (21/60)
  6724 | D:5      | Danger: Low HP Warning |T2| Reason: 35% HP (21/60)
  6725 | D:5      | Danger: Low HP Warning |T2| Reason: 35% HP (21/60)
  6726 | D:5      | Danger: Low HP Warning |T2| Reason: 35% HP (21/60)
  6727 | D:5      | Danger: Low HP Warning |T2| Reason: 35% HP (21/60)
  6728 | D:5      | Danger: Low HP Warning |T2| Reason: 35% HP (21/60)
  6729 | D:5      | Danger: Low HP Warning |T2| Reason: 35% HP (21/60)
  6730 | D:5      | Danger: Low HP Warning |T2| Reason: 35% HP (21/60)
  6731 | D:5      | Danger: Low HP Warning |T2| Reason: 35% HP (21/60)
  6732 | D:5      | Danger: Low HP Warning |T2| Reason: 35% HP (21/60)
  6733 | D:5      | Danger: Low HP Warning |T2| Reason: 35% HP (21/60)
  6734 | D:5      | Danger: Low HP Warning |T2| Reason: 35% HP (21/60)
  6735 | D:5      | Danger: Low HP Warning |T2| Reason: 35% HP (21/60)
  6737 | D:5      | Danger: Low HP Warning |T2| Reason: 35% HP (21/60)
  6738 | D:5      | Danger: Low HP Warning |T2| Reason: 35% HP (21/60)
  6739 | D:5      | Danger: Low HP Warning |T2| Reason: 35% HP (21/60)
  6740 | D:5      | Danger: Low HP Warning |T2| Reason: 35% HP (21/60)
  6741 | D:5      | Danger: Low HP Warning |T2| Reason: 35% HP (21/60)
  6742 | D:5      | Danger: Low HP Warning |T2| Reason: 35% HP (21/60)
  6743 | D:5      | Danger: Low HP Warning |T2| Reason: 35% HP (21/60)
  6744 | D:5      | Danger: Low HP Warning |T2| Reason: 35% HP (21/60)
  6745 | D:5      | Danger: Low HP Warning |T2| Reason: 35% HP (21/60)
  6746 | D:5      | Danger: Low HP Warning |T2| Reason: 35% HP (21/60)
  6747 | D:5      | Danger: Low HP Warning |T2| Reason: 35% HP (21/60)
  6748 | D:5      | Danger: Low HP Warning |T2| Reason: 35% HP (21/60)
  6749 | D:5      | Danger: Low HP Warning |T2| Reason: 35% HP (21/60)
  6750 | D:5      | Danger: Low HP Warning |T2| Reason: 35% HP (21/60)
  6751 | D:5      | Danger: Low HP Warning |T2| Reason: 35% HP (21/60)
  6752 | D:5      | Danger: Low HP Warning |T2| Reason: 35% HP (21/60)
  6753 | D:5      | Danger: Low HP Warning |T2| Reason: 35% HP (21/60)
  6754 | D:5      | Danger: Low HP Warning |T2| Reason: 35% HP (21/60)
  6755 | D:5      | Danger: Low HP Warning |T2| Reason: 35% HP (21/60)
  6756 | D:5      | Danger: Low HP Warning |T2| Reason: 35% HP (21/60)
  6757 | D:5      | Danger: Low HP Warning |T2| Reason: 35% HP (21/60)
  6758 | D:5      | Danger: Low HP Warning |T2| Reason: 36% HP (22/60)
  6759 | D:5      | Danger: Low HP Warning |T2| Reason: 36% HP (22/60)
  6760 | D:5      | Danger: Low HP Warning |T2| Reason: 36% HP (22/60)
  6761 | D:5      | Danger: Low HP Warning |T2| Reason: 36% HP (22/60)
  6763 | D:5      | Danger: orc |T2| Reason: Quivering boomerangs, careful!
  6763 | D:5      | Danger: Low HP Warning |T2| Reason: 36% HP (22/60)
  6765 | D:5      | Danger: Low HP Warning |T2| Reason: 36% HP (22/60)
  6766 | D:5      | Danger: Low HP Warning |T2| Reason: 36% HP (22/60)
  6767 | D:5      | Danger: Low HP Warning |T2| Reason: 36% HP (22/60)
  6768 | D:5      | Danger: Low HP Warning |T2| Reason: 36% HP (22/60)
  6769 | D:5      | Danger: Low HP Warning |T2| Reason: 36% HP (22/60)
  6770 | D:5      | Danger: Low HP Warning |T2| Reason: 36% HP (22/60)
  6771 | D:5      | Danger: Low HP Warning |T2| Reason: 36% HP (22/60)
  6772 | D:5      | Danger: Low HP Warning |T2| Reason: 36% HP (22/60)
  6773 | D:5      | Danger: Low HP Warning |T2| Reason: 36% HP (22/60)
  6774 | D:5      | Danger: Low HP Warning |T2| Reason: 36% HP (22/60)
  6775 | D:5      | Danger: Low HP Warning |T2| Reason: 36% HP (22/60)
  6776 | D:5      | Danger: Low HP Warning |T2| Reason: 36% HP (22/60)
  6780 | D:5      | Danger: Low HP Warning |T2| Reason: 36% HP (22/60)
  6822 | D:4      | Danger: Low HP Warning |T2| Reason: 58% HP (35/60)
  6823 | D:4      | Danger: Low HP Warning |T2| Reason: 58% HP (35/60)
  6824 | D:4      | Danger: Low HP Warning |T2| Reason: 58% HP (35/60)
  6825 | D:4      | Danger: Low HP Warning |T2| Reason: 60% HP (36/60)
  6826 | D:4      | Danger: Low HP Warning |T2| Reason: 60% HP (36/60)
  6991 | D:5      | Reached skill level 5 in Shapeshifting
  7381 | D:5      | Danger: orc |T2| Reason: Quivering boomerangs, careful!
  7665 | D:5      | Danger: Low HP Warning |T2| Reason: 58% HP (35/60)
  7799 | D:6      | Danger: Low HP Warning |T2| Reason: 60% HP (36/60)
  7800 | D:6      | Danger: Low HP Warning |T2| Reason: 53% HP (32/60)
  7801 | D:6      | Danger: Low HP Warning |T2| Reason: 50% HP (30/60)
  7802 | D:6      | Danger: Low HP Warning |T2| Reason: 48% HP (29/60)
  7803 | D:6      | Danger: Low HP Warning |T2| Reason: 45% HP (27/60)
  8015 | D:6      | Reached skill level 5 in Unarmed Combat
  8015 | D:6      | Gained mutation: You have a tail ending in a sharp stinger.
                  | [demonic ancestry]
  8015 | D:6      | Reached XP level 9. HP: 44/65 MP: 11/11
  8019 | D:6      | Danger: Low HP Warning |T2| Reason: 60% HP (39/65)
  8028 | D:6      | Danger: Low HP Warning |T2| Reason: 60% HP (39/65)
  8029 | D:6      | Danger: Low HP Warning |T2| Reason: 58% HP (38/65)
  8030 | D:6      | Danger: Low HP Warning |T2| Reason: 56% HP (37/65)
  8031 | D:6      | Danger: Low HP Warning |T2| Reason: 50% HP (33/65)
  8032 | D:6      | Danger: Low HP Warning |T2| Reason: 50% HP (33/65)
  8033 | D:6      | Danger: Low HP Warning |T2| Reason: 50% HP (33/65)
  8034 | D:6      | Danger: Low HP Warning |T2| Reason: 50% HP (33/65)
  8035 | D:6      | Danger: Low HP Warning |T2| Reason: 44% HP (29/65)
  8036 | D:6      | Danger: Low HP Warning |T2| Reason: 36% HP (24/65)
  8037 | D:6      | Danger: Low HP Warning |T2| Reason: 36% HP (24/65)
  8038 | D:6      | Danger: Low HP Warning |T2| Reason: 30% HP (20/65)
  8039 | D:6      | Danger: Low HP Warning |T3| Reason: 13% HP (9/65)
  8040 | D:6      | Danger: Low HP Warning |T3| Reason: 13% HP (9/65)
  8235 | D:6      | Danger: kobold brigand |T2| Reason: Quivering poison darts
                  | and no rPois, careful!
  8279 | D:6      | Found an ancient bone altar of Kikubaaqudgha.
  8381 | D:6      | Danger: Low HP Warning |T2| Reason: 60% HP (39/65)
  8382 | D:6      | Danger: Low HP Warning |T2| Reason: 60% HP (39/65)
  8383 | D:6      | Danger: Low HP Warning |T2| Reason: 50% HP (33/65)
  8524 | D:6      | Danger: orc |T2| Reason: Quivering boomerangs, careful!
  8524 | D:6      | Danger: orc |T2| Reason: carrying a unknown/nonexistent
                  | wand?, careful!
  8536 | D:6      | Danger: Low HP Warning |T2| Reason: 41% HP (27/65)
  8537 | D:6      | Danger: Low HP Warning |T2| Reason: 41% HP (27/65)
  8538 | D:6      | Danger: Low HP Warning |T2| Reason: 41% HP (27/65)
  8542 | D:6      | Danger: orc |T2| Reason: Quivering boomerangs, careful!
  8542 | D:6      | Danger: orc |T2| Reason: carrying a unknown/nonexistent
                  | wand?, careful!
  8542 | D:6      | Danger: Low HP Warning |T2| Reason: 43% HP (28/65)
  8543 | D:6      | Danger: Low HP Warning |T2| Reason: 29% HP (19/65)
  8544 | D:6      | Danger: Low HP Warning |T2| Reason: 29% HP (19/65)
  9008 | D:7      | Danger: Low HP Warning |T2| Reason: 53% HP (35/65)
  9009 | D:7      | Danger: Low HP Warning |T2| Reason: 53% HP (35/65)
  9010 | D:7      | Danger: Low HP Warning |T2| Reason: 53% HP (35/65)
  9011 | D:7      | Danger: Low HP Warning |T2| Reason: 53% HP (35/65)
  9012 | D:7      | Danger: Low HP Warning |T2| Reason: 53% HP (35/65)
  9225 | D:7      | Reached *** piety under Okawaru
  9281 | D:7      | Danger: kobold brigand |T2| Reason: Quivering poison darts
                  | and no rPois, careful!
  9281 | D:7      | Danger: kobold |T2| Reason: Quivering poison darts and no
                  | rPois, careful!
  9371 | D:7      | Danger: orc |T2| Reason: Quivering boomerangs, careful!
  9816 | D:7      | Found a blossoming altar of Fedhas.
  9816 | D:7      | Found a burning altar of Makhleb.
  9888 | D:7      | Found a radiant altar of Vehumet.
 10088 | D:8      | Found a shimmering blue altar of Sif Muna.
 10216 | D:8      | Danger: Low HP Warning |T2| Reason: 59% HP (39/66)
 10217 | D:8      | Danger: Low HP Warning |T2| Reason: 57% HP (38/66)
 10218 | D:8      | Danger: Low HP Warning |T2| Reason: 57% HP (38/66)
 10219 | D:8      | Danger: Low HP Warning |T2| Reason: 28% HP (19/66)
 10220 | D:8      | Danger: Low HP Warning |T2| Reason: 28% HP (19/66)
 10221 | D:8      | Reached skill level 5 in Fighting
 10537 | D:8      | Found a runed translucent gate.
 10537 | D:8      | Found a runed translucent gate.
 10538 | D:8      | Found a runed translucent gate.
 10538 | D:8      | Noticed a white ugly thing
 10538 | D:8      | Noticed a white ugly thing
 10538 | D:8      | Noticed a green ugly thing
 10540 | D:8      | Noticed a purple ugly thing
 10629 | D:8      | Danger: kobold brigand |T2| Reason: Quivering poison darts
                  | and no rPois, careful!
 11101 | D:9      | Danger: hornet |T3| Reason: AF_POISON_PARALYSE and no rPois
 11114 | D:9      | Danger: hornet |T3| Reason: AF_POISON_PARALYSE and no rPois
 11115 | D:9      | Danger: hornet |T3| Reason: AF_POISON_PARALYSE and no rPois
 11116 | D:9      | Danger: hornet |T3| Reason: AF_POISON_PARALYSE and no rPois
 11117 | D:9      | Danger: hornet |T3| Reason: AF_POISON_PARALYSE and no rPois
 11118 | D:9      | Danger: hornet |T3| Reason: AF_POISON_PARALYSE and no rPois
 11119 | D:9      | Danger: hornet |T3| Reason: AF_POISON_PARALYSE and no rPois
 11120 | D:9      | Danger: hornet |T3| Reason: AF_POISON_PARALYSE and no rPois
 11121 | D:9      | Danger: hornet |T3| Reason: AF_POISON_PARALYSE and no rPois
 11122 | D:9      | Danger: hornet |T3| Reason: AF_POISON_PARALYSE and no rPois
 11123 | D:9      | Danger: hornet |T3| Reason: AF_POISON_PARALYSE and no rPois
 11124 | D:9      | Gained mutation: Your movements are less encumbered by
                  | armour. (ER -4) [demonic ancestry]
 11124 | D:9      | Reached XP level 10. HP: 50/74 MP: 9/12
 11133 | D:8      | Danger: Low HP Warning |T2| Reason: 58% HP (43/74)
 11134 | D:8      | Danger: Low HP Warning |T2| Reason: 58% HP (43/74)
 11135 | D:8      | Danger: Low HP Warning |T2| Reason: 51% HP (38/74)
 11136 | D:8      | Danger: Low HP Warning |T2| Reason: 51% HP (38/74)
 11137 | D:8      | Danger: Low HP Warning |T2| Reason: 51% HP (38/74)
 11138 | D:8      | Danger: Low HP Warning |T2| Reason: 51% HP (38/74)
 11139 | D:8      | Danger: Low HP Warning |T2| Reason: 51% HP (38/74)
 11140 | D:8      | Danger: Low HP Warning |T2| Reason: 51% HP (38/74)
 11141 | D:8      | Danger: Low HP Warning |T2| Reason: 51% HP (38/74)
 11142 | D:8      | Danger: Low HP Warning |T2| Reason: 48% HP (36/74)
 11143 | D:8      | Danger: Low HP Warning |T2| Reason: 48% HP (36/74)
 11144 | D:8      | Danger: Low HP Warning |T2| Reason: 48% HP (36/74)
 11145 | D:8      | Danger: Low HP Warning |T2| Reason: 48% HP (36/74)
 11275 | D:8      | Danger: Low HP Warning |T2| Reason: 51% HP (38/74)
 11276 | D:8      | Danger: Low HP Warning |T2| Reason: 45% HP (34/74)
 11277 | D:8      | Danger: Low HP Warning |T2| Reason: 45% HP (34/74)
 11278 | D:8      | Danger: Low HP Warning |T2| Reason: 44% HP (33/74)
 11279 | D:8      | Danger: Low HP Warning |T2| Reason: 44% HP (33/74)
 11280 | D:8      | Danger: Low HP Warning |T2| Reason: 29% HP (22/74)
 11281 | D:8      | Danger: Low HP Warning |T2| Reason: 29% HP (22/74)
 11287 | D:9      | Danger: Low HP Warning |T2| Reason: 32% HP (24/74)
 11303 | D:9      | Danger: Low HP Warning |T2| Reason: 39% HP (29/74)
 11304 | D:9      | Danger: Low HP Warning |T2| Reason: 39% HP (29/74)
 11305 | D:9      | Danger: Low HP Warning |T2| Reason: 39% HP (29/74)
 11306 | D:9      | Danger: Low HP Warning |T2| Reason: 39% HP (29/74)
 11307 | D:9      | Danger: Low HP Warning |T2| Reason: 39% HP (29/74)
 11308 | D:9      | Danger: Low HP Warning |T2| Reason: 39% HP (29/74)
 11309 | D:9      | Danger: Low HP Warning |T2| Reason: 39% HP (29/74)
 11310 | D:9      | Danger: Low HP Warning |T2| Reason: 39% HP (29/74)
 11311 | D:9      | Danger: Low HP Warning |T2| Reason: 39% HP (29/74)
 11312 | D:9      | Danger: Low HP Warning |T2| Reason: 39% HP (29/74)
 11322 | D:9      | Danger: Low HP Warning |T2| Reason: 43% HP (32/74)
 11323 | D:9      | Danger: Low HP Warning |T2| Reason: 43% HP (32/74)
 11324 | D:9      | Danger: Low HP Warning |T2| Reason: 43% HP (32/74)
 11325 | D:9      | Danger: kobold |T2| Reason: Quivering poison darts and no
                  | rPois, careful!
 11325 | D:9      | Danger: Low HP Warning |T2| Reason: 43% HP (32/74)
 11326 | D:9      | Danger: Low HP Warning |T2| Reason: 43% HP (32/74)
 11327 | D:9      | Danger: Low HP Warning |T2| Reason: 43% HP (32/74)
 11328 | D:9      | Danger: Low HP Warning |T2| Reason: 43% HP (32/74)
 11329 | D:9      | Danger: Low HP Warning |T2| Reason: 43% HP (32/74)
 11330 | D:9      | Danger: Low HP Warning |T2| Reason: 43% HP (32/74)
 11331 | D:9      | Danger: Low HP Warning |T2| Reason: 43% HP (32/74)
 11332 | D:9      | Danger: Low HP Warning |T2| Reason: 43% HP (32/74)
 11333 | D:9      | Danger: Low HP Warning |T2| Reason: 43% HP (32/74)
 11342 | D:9      | Danger: kobold brigand |T3| Reason: Quivering curare and no
                  | rPois, watch out!!
 11342 | D:9      | Danger: Low HP Warning |T2| Reason: 47% HP (35/74)
 11347 | D:9      | Danger: kobold brigand |T3| Reason: Quivering curare and no
                  | rPois, watch out!!
 11347 | D:9      | Danger: Low HP Warning |T2| Reason: 48% HP (36/74)
 11348 | D:9      | Danger: kobold brigand |T3| Reason: Quivering curare and no
                  | rPois, watch out!!
 11348 | D:9      | Danger: Low HP Warning |T2| Reason: 48% HP (36/74)
 11349 | D:9      | Danger: kobold brigand |T3| Reason: Quivering curare and no
                  | rPois, watch out!!
 11349 | D:9      | Danger: Low HP Warning |T2| Reason: 47% HP (35/74)
 11350 | D:9      | Reached skill level 1 in Throwing
 11354 | D:9      | Found a flagged portal.
 11355 | D:9      | Danger: Low HP Warning |T2| Reason: 50% HP (37/74)
 11356 | D:9      | Danger: Low HP Warning |T2| Reason: 50% HP (37/74)
 11357 | D:9      | Danger: Low HP Warning |T2| Reason: 48% HP (36/74)
 11358 | D:9      | Danger: Low HP Warning |T2| Reason: 43% HP (32/74)
 11359 | D:9      | Danger: Low HP Warning |T2| Reason: 43% HP (32/74)
 11360 | D:9      | Danger: Low HP Warning |T2| Reason: 43% HP (32/74)
 11361 | D:9      | Danger: Low HP Warning |T2| Reason: 43% HP (32/74)
 11362 | D:9      | Danger: Low HP Warning |T2| Reason: 37% HP (28/74)
 11366 | Bailey   | Entered a bailey
 11524 | Bailey   | Received a gift from Okawaru
 11556 | Bailey   | Danger: Low HP Warning |T2| Reason: 58% HP (43/74)
 11557 | Bailey   | Danger: Low HP Warning |T2| Reason: 43% HP (32/74)
 11558 | Bailey   | Reached skill level 5 in Invocations
 11708 | Bailey   | Noticed a two-headed ogre
 11719 | Bailey   | Danger: Low HP Warning |T2| Reason: 54% HP (40/74)
 11719 | Bailey   | Killed a two-headed ogre
 11719 | Bailey   | Reached **** piety under Okawaru
 11733 | Bailey   | Found the +7 lajatang of Order {silver, rMut}
 11734 | Bailey   | Danger: Low HP Warning |T2| Reason: 60% HP (45/74)
 11735 | Bailey   | Danger: Low HP Warning |T2| Reason: 60% HP (45/74)
 11736 | Bailey   | Danger: Low HP Warning |T2| Reason: 60% HP (45/74)
 11742 | Bailey   | Identified the +5 steam dragon scales "Forget-Me-Not"
                  | {rElec rN+ Int-4}
 11744 | Bailey   | Identified the +1 glaive of Divine Valiance {speed, Dex+4}
 11939 | D:9      | Danger: orc |T3| Reason: wielding holy wrath while unholy,
                  | watch out!!
 11940 | D:9      | Danger: orc |T3| Reason: wielding holy wrath while unholy,
                  | watch out!!
 11941 | D:9      | Danger: orc |T3| Reason: wielding holy wrath while unholy,
                  | watch out!!
 11942 | D:9      | Danger: orc |T3| Reason: wielding holy wrath while unholy,
                  | watch out!!
 11943 | D:9      | Danger: orc |T3| Reason: wielding holy wrath while unholy,
                  | watch out!!
 11944 | D:9      | Danger: orc |T3| Reason: wielding holy wrath while unholy,
                  | watch out!!
 12102 | D:9      | Noticed a two-headed ogre
 12110 | D:9      | Killed a two-headed ogre
 12111 | D:9      | Reached skill level 10 in Unarmed Combat
 12233 | D:9      | Found a staircase to the Lair.
 12456 | D:9      | Noticed Gastronok
 12457 | D:9      | Danger: Gastronok |T2| Reason: Slow and low Will, careful
 12457 | D:9      | Danger: Gastronok |T2| Reason: Unique monster, careful!
 12466 | D:9      | Danger: Low HP Warning |T2| Reason: 37% HP (28/74)
 12467 | D:9      | Danger: Low HP Warning |T2| Reason: 37% HP (28/74)
 12467 | D:9      | Killed Gastronok
 12467 | D:9      | Received a gift from Okawaru
 12468 | D:9      | Reached skill level 6 in Shapeshifting
 12468 | D:9      | Gained mutation: You have a sharp stinger which inflicts
                  | weakening toxins. [demonic ancestry]
 12468 | D:9      | Reached XP level 11. HP: 30/79 MP: 17/17
 12719 | D:9      | Found a stormy altar of Qazlal.
 12735 | D:10     | Entered Level 10 of the Dungeon
 12930 | D:10     | Found a hide-covered altar of Uskayaw.
 12934 | D:10     | Danger: orc |T2| Reason: Quivering boomerangs, careful!
 13026 | D:10     | Found a staircase to the Orcish Mines.
 13057 | D:10     | Reached skill level 7 in Shapeshifting
 13087 | D:10     | Reached ***** piety under Okawaru
 13936 | D:11     | Found a transporter.
 14001 | D:11     | Danger: acid dragon |T2| Reason: Spit Acid deals more than
                  | 50% MHP!
 14001 | D:11     | Found the +7 staff of the Meek {protect, meekguard}
 14089 | D:11     | Danger: kobold brigand |T2| Reason: Quivering poison darts
                  | and no rPois, careful!
 14090 | D:11     | Danger: kobold brigand |T2| Reason: Quivering poison darts
                  | and no rPois, careful!
 14091 | D:11     | Danger: kobold brigand |T2| Reason: Quivering poison darts
                  | and no rPois, careful!
 14096 | D:11     | Danger: kobold brigand |T2| Reason: Quivering poison darts
                  | and no rPois, careful!
 14097 | D:11     | Danger: kobold brigand |T2| Reason: Quivering poison darts
                  | and no rPois, careful!
 14104 | D:11     | Danger: Low HP Warning |T2| Reason: 53% HP (42/79)
 14105 | D:11     | Danger: kobold brigand |T2| Reason: Quivering poison darts
                  | and no rPois, careful!
 14105 | D:11     | Danger: Low HP Warning |T2| Reason: 49% HP (39/79)
 14106 | D:11     | Danger: Low HP Warning |T2| Reason: 49% HP (39/79)
 14107 | D:11     | Danger: kobold brigand |T2| Reason: Quivering poison darts
                  | and no rPois, careful!
 14107 | D:11     | Danger: Low HP Warning |T2| Reason: 49% HP (39/79)
 14108 | D:11     | Reached skill level 8 in Shapeshifting
 14108 | D:11     | Danger: Low HP Warning |T2| Reason: 49% HP (39/79)
 14109 | D:11     | Danger: Low HP Warning |T2| Reason: 49% HP (39/79)
 14110 | D:11     | Danger: Low HP Warning |T2| Reason: 36% HP (29/79)
 14111 | D:11     | Danger: Low HP Warning |T2| Reason: 34% HP (27/79)
 14112 | D:11     | Danger: kobold brigand |T2| Reason: Quivering poison darts
                  | and no rPois, careful!
 14112 | D:11     | Danger: Low HP Warning |T2| Reason: 26% HP (21/79)
 14113 | D:11     | Danger: Low HP Warning |T3| Reason: 18% HP (15/79)
 14114 | D:11     | Danger: Low HP Warning |T3| Reason: 6% HP (5/79)
 14115 | D:11     | Danger: Low HP Warning |T2| Reason: 34% HP (27/79)
 14429 | D:5      | Bought a potion of might for 44 gold pieces
 14429 | D:5      | Bought a potion of heal wounds for 55 gold pieces
 14429 | D:5      | Bought a potion of degeneration for 11 gold pieces
 14429 | D:5      | Bought 2 potions of mutation for 176 gold pieces
 14432 | D:5      | Lost mutation: You occasionally shout uncontrollably at
                  | your foes. [potion of mutation]
 14432 | D:5      | Lost mutation: You are weak. (Str -2) [potion of mutation]
 14432 | D:5      | Lost mutation: You do not regenerate when monsters are
                  | visible. [potion of mutation]
 14432 | D:5      | Gained mutation: Your natural rate of healing is unusually
                  | fast. [potion of mutation]
 14703 | D:11     | Danger: kobold brigand |T2| Reason: Quivering poison darts
                  | and no rPois, careful!
 14706 | D:11     | Danger: kobold brigand |T2| Reason: Quivering poison darts
                  | and no rPois, careful!
 14719 | D:11     | Danger: kobold brigand |T2| Reason: Quivering poison darts
                  | and no rPois, careful!
 14735 | D:11     | Danger: kobold brigand |T2| Reason: Quivering poison darts
                  | and no rPois, careful!
 14738 | D:11     | Danger: kobold brigand |T2| Reason: Quivering poison darts
                  | and no rPois, careful!
 14823 | D:11     | Found a transporter.
 14830 | D:11     | Found a transporter.
 15242 | D:11     | Found a transporter.
 15343 | Lair:1   | Entered Level 1 of the Lair of Beasts
 15368 | Lair:1   | Danger: Low HP Warning |T2| Reason: 59% HP (46/77)
 15371 | Lair:1   | Danger: Low HP Warning |T2| Reason: 45% HP (35/77)
 15542 | Lair:1   | Reached skill level 9 in Shapeshifting
 15549 | Lair:1   | Danger: Low HP Warning |T2| Reason: 59% HP (47/79)
 15550 | Lair:1   | Danger: Low HP Warning |T2| Reason: 60% HP (48/79)
 15656 | Lair:1   | Danger: Low HP Warning |T2| Reason: 59% HP (47/79)
 15750 | Lair:1   | Danger: Low HP Warning |T2| Reason: 54% HP (43/79)
 15908 | Lair:1   | Reached skill level 5 in Dodging
 16343 | Lair:2   | Danger: basilisk |T3| Reason: Petrify and low Will
 16344 | Lair:2   | Danger: basilisk |T3| Reason: Petrify and low Will
 16345 | Lair:2   | Danger: basilisk |T3| Reason: Petrify and low Will
 16349 | Lair:1   | Danger: Low HP Warning |T2| Reason: 54% HP (43/79)
 16350 | Lair:1   | Danger: Low HP Warning |T2| Reason: 35% HP (28/79)
 16351 | Lair:1   | Danger: Low HP Warning |T2| Reason: 36% HP (29/79)
 16352 | Lair:1   | Danger: Low HP Warning |T2| Reason: 39% HP (31/79)
 16353 | Lair:1   | Danger: Low HP Warning |T2| Reason: 40% HP (32/79)
 16354 | Lair:1   | Danger: Low HP Warning |T2| Reason: 41% HP (33/79)
 16425 | Lair:1   | Gained mutation: You punish those that try to bend your
                  | will. (Will+) [demonic ancestry]
 16425 | Lair:1   | Reached XP level 12. HP: 50/86 MP: 18/18
 16425 | Lair:1   | Danger: Low HP Warning |T2| Reason: 58% HP (50/86)
 16426 | Lair:1   | Danger: Low HP Warning |T2| Reason: 59% HP (51/86)
 16427 | Lair:1   | Danger: Low HP Warning |T2| Reason: 60% HP (52/86)
 16431 | Lair:1   | Danger: Low HP Warning |T2| Reason: 60% HP (52/86)
 16517 | Lair:2   | Danger: Low HP Warning |T2| Reason: 53% HP (46/86)
 16518 | Lair:2   | Danger: Low HP Warning |T2| Reason: 54% HP (47/86)
 16519 | Lair:2   | Danger: Low HP Warning |T2| Reason: 55% HP (48/86)
 16520 | Lair:2   | Danger: Low HP Warning |T2| Reason: 55% HP (48/86)
 16521 | Lair:2   | Danger: Low HP Warning |T2| Reason: 48% HP (42/86)
 16522 | Lair:2   | Danger: Low HP Warning |T2| Reason: 50% HP (43/86)
 16523 | Lair:2   | Danger: Low HP Warning |T2| Reason: 51% HP (44/86)
 16524 | Lair:2   | Danger: Low HP Warning |T2| Reason: 52% HP (45/86)
 16525 | Lair:2   | Danger: Low HP Warning |T2| Reason: 53% HP (46/86)
 16526 | Lair:2   | Danger: Low HP Warning |T2| Reason: 54% HP (47/86)
 16527 | Lair:2   | Danger: Low HP Warning |T2| Reason: 55% HP (48/86)
 16528 | Lair:2   | Danger: Low HP Warning |T2| Reason: 56% HP (49/86)
 16529 | Lair:2   | Danger: Low HP Warning |T2| Reason: 54% HP (47/86)
 16530 | Lair:2   | Danger: Low HP Warning |T2| Reason: 55% HP (48/86)
 16531 | Lair:2   | Danger: Low HP Warning |T2| Reason: 56% HP (49/86)
 16532 | Lair:2   | Danger: Low HP Warning |T2| Reason: 58% HP (50/86)
 16533 | Lair:2   | Danger: Low HP Warning |T2| Reason: 59% HP (51/86)
 16534 | Lair:2   | Danger: basilisk |T3| Reason: Petrify and low Will
 16534 | Lair:2   | Danger: Low HP Warning |T2| Reason: 60% HP (52/86)
 16535 | Lair:2   | Danger: basilisk |T3| Reason: Petrify and low Will
 16536 | Lair:2   | Danger: basilisk |T3| Reason: Petrify and low Will
 16537 | Lair:2   | Danger: basilisk |T3| Reason: Petrify and low Will
 16547 | Lair:2   | Danger: basilisk |T3| Reason: Petrify and low Will
 16567 | Lair:2   | Danger: basilisk |T3| Reason: Petrify and low Will
 16569 | Lair:2   | Danger: basilisk |T3| Reason: Petrify and low Will
 16570 | Lair:2   | Danger: basilisk |T3| Reason: Petrify and low Will
 16571 | Lair:2   | Danger: basilisk |T3| Reason: Petrify and low Will
 16653 | Lair:2   | Found a staircase to the Swamp.
 16689 | Lair:2   | Reached skill level 10 in Shapeshifting
 16719 | Lair:2   | Danger: Low HP Warning |T2| Reason: 60% HP (52/86)
 16748 | Lair:2   | Danger: Low HP Warning |T2| Reason: 53% HP (46/86)
 16749 | Lair:2   | Danger: Low HP Warning |T2| Reason: 54% HP (47/86)
 16750 | Lair:2   | Danger: Low HP Warning |T2| Reason: 54% HP (47/86)
 16751 | Lair:2   | Danger: Low HP Warning |T2| Reason: 48% HP (42/86)
 16752 | Lair:2   | Danger: Low HP Warning |T2| Reason: 48% HP (42/86)
 16753 | Lair:2   | Danger: Low HP Warning |T2| Reason: 40% HP (35/86)
 16754 | Lair:2   | Danger: Low HP Warning |T2| Reason: 40% HP (35/86)
 16755 | Lair:2   | Danger: Low HP Warning |T2| Reason: 41% HP (36/86)
 16756 | Lair:2   | Danger: Low HP Warning |T2| Reason: 39% HP (34/86)
 16757 | Lair:2   | Danger: Low HP Warning |T2| Reason: 39% HP (34/86)
 16758 | Lair:2   | Danger: Low HP Warning |T2| Reason: 40% HP (35/86)
 16759 | Lair:2   | Danger: Low HP Warning |T2| Reason: 41% HP (36/86)
 16760 | Lair:2   | Danger: Low HP Warning |T2| Reason: 41% HP (36/86)
 16761 | Lair:2   | Danger: Low HP Warning |T2| Reason: 43% HP (37/86)
 16762 | Lair:2   | Danger: Low HP Warning |T2| Reason: 39% HP (34/86)
 16763 | Lair:2   | Danger: Low HP Warning |T2| Reason: 40% HP (35/86)
 16764 | Lair:2   | Danger: Low HP Warning |T2| Reason: 41% HP (36/86)
 16765 | Lair:2   | Danger: Low HP Warning |T2| Reason: 41% HP (36/86)
 16766 | Lair:2   | Danger: Low HP Warning |T2| Reason: 43% HP (37/86)
 16767 | Lair:2   | Danger: Low HP Warning |T2| Reason: 43% HP (37/86)
 16768 | Lair:2   | Danger: Low HP Warning |T2| Reason: 44% HP (38/86)
 16769 | Lair:2   | Danger: Low HP Warning |T2| Reason: 44% HP (38/86)
 16770 | Lair:2   | Danger: Low HP Warning |T2| Reason: 45% HP (39/86)
 16771 | Lair:2   | Danger: Low HP Warning |T2| Reason: 41% HP (36/86)
 16772 | Lair:2   | Danger: Low HP Warning |T2| Reason: 43% HP (37/86)
 16773 | Lair:2   | Danger: Low HP Warning |T2| Reason: 44% HP (38/86)
 16773 | Lair:2   | Received a gift from Okawaru
 16774 | Lair:2   | Danger: Low HP Warning |T2| Reason: 44% HP (38/86)
 16775 | Lair:2   | Danger: Low HP Warning |T2| Reason: 45% HP (39/86)
 16776 | Lair:2   | Danger: Low HP Warning |T2| Reason: 46% HP (40/86)
 16777 | Lair:2   | Danger: Low HP Warning |T2| Reason: 47% HP (41/86)
 16778 | Lair:2   | Danger: Low HP Warning |T2| Reason: 48% HP (42/86)
 16779 | Lair:2   | Danger: Low HP Warning |T2| Reason: 50% HP (43/86)
 16780 | Lair:2   | Danger: Low HP Warning |T2| Reason: 51% HP (44/86)
 16781 | Lair:2   | Danger: Low HP Warning |T2| Reason: 51% HP (44/86)
 16783 | Lair:2   | Noticed a five-headed hydra
 16784 | Lair:2   | Danger: Low HP Warning |T2| Reason: 54% HP (47/86)
 16785 | Lair:2   | Danger: Low HP Warning |T2| Reason: 55% HP (48/86)
 16786 | Lair:2   | Danger: Low HP Warning |T2| Reason: 56% HP (49/86)
 16790 | Lair:2   | Killed a five-headed hydra
 16802 | Lair:2   | Identified the +2 plate armour of Wasted Space {rF- Regen+
                  | rCorr Dex+8} (Okawaru gifted it to you on level 2 of the
                  | Lair of Beasts)
 16802 | Lair:2   | Received a gift from Okawaru
 17372 | Lair:3   | Danger: Low HP Warning |T2| Reason: 54% HP (48/88)
 17373 | Lair:3   | Danger: Low HP Warning |T2| Reason: 40% HP (36/88)
 17374 | Lair:3   | Danger: Low HP Warning |T2| Reason: 42% HP (37/88)
 17375 | Lair:3   | Danger: Low HP Warning |T2| Reason: 43% HP (38/88)
 17376 | Lair:3   | Danger: Low HP Warning |T2| Reason: 44% HP (39/88)
 17377 | Lair:3   | Danger: Low HP Warning |T2| Reason: 45% HP (40/88)
 17378 | Lair:3   | Danger: Low HP Warning |T2| Reason: 47% HP (42/88)
 17379 | Lair:3   | Danger: Low HP Warning |T2| Reason: 47% HP (42/88)
 17380 | Lair:3   | Danger: Low HP Warning |T2| Reason: 50% HP (44/88)
 17381 | Lair:3   | Danger: Low HP Warning |T2| Reason: 51% HP (45/88)
 17382 | Lair:3   | Danger: Low HP Warning |T2| Reason: 52% HP (46/88)
 18000 | Lair:3   | Found a staircase to the Snake Pit.
 18001 | Lair:3   | Danger: naga |T3| Reason: wielding holy wrath while unholy,
                  | watch out!!
 18002 | Lair:3   | Danger: naga |T3| Reason: wielding holy wrath while unholy,
                  | watch out!!
 18003 | Lair:3   | Danger: naga |T3| Reason: wielding holy wrath while unholy,
                  | watch out!!
 18009 | Lair:3   | Danger: naga |T3| Reason: wielding holy wrath while unholy,
                  | watch out!!
 18010 | Lair:3   | Danger: naga |T3| Reason: wielding holy wrath while unholy,
                  | watch out!!
 18016 | Lair:3   | Danger: naga |T3| Reason: wielding holy wrath while unholy,
                  | watch out!!
 18017 | Lair:3   | Danger: naga |T3| Reason: wielding holy wrath while unholy,
                  | watch out!!
 18018 | Lair:3   | Danger: naga |T3| Reason: wielding holy wrath while unholy,
                  | watch out!!
 18019 | Lair:3   | Danger: naga |T3| Reason: wielding holy wrath while unholy,
                  | watch out!!
 18020 | Lair:3   | Danger: naga |T3| Reason: wielding holy wrath while unholy,
                  | watch out!!
 18021 | Lair:3   | Danger: naga |T3| Reason: wielding holy wrath while unholy,
                  | watch out!!
 18022 | Lair:3   | Danger: naga |T3| Reason: wielding holy wrath while unholy,
                  | watch out!!
 18023 | Lair:3   | Danger: naga |T3| Reason: wielding holy wrath while unholy,
                  | watch out!!
 18024 | Lair:3   | Danger: naga |T3| Reason: wielding holy wrath while unholy,
                  | watch out!!
 18024 | Lair:3   | Danger: Low HP Warning |T2| Reason: 57% HP (52/91)
 18025 | Lair:3   | Danger: naga |T3| Reason: wielding holy wrath while unholy,
                  | watch out!!
 18025 | Lair:3   | Danger: Low HP Warning |T2| Reason: 58% HP (53/91)
 18321 | Lair:4   | Gained mutation: When hurt, damage is shared between your
                  | health and your magic reserves. [demonic ancestry]
 18321 | Lair:4   | Reached XP level 13. HP: 96/96 MP: 19/19
 18379 | Lair:4   | Found a staircase to the Slime Pits.
 18380 | Lair:4   | Found a viscous altar of Jiyva.
 19207 | Lair:5   | Entered Level 5 of the Lair of Beasts
 19220 | Lair:5   | Danger: dream sheep |T2| Reason: Irresistible Dream Dust
                  | (4%), watch out!
 19225 | Lair:5   | Danger: dream sheep |T2| Reason: Irresistible Dream Dust
                  | (4%), watch out!
 19237 | Lair:5   | Danger: dream sheep |T2| Reason: Irresistible Dream Dust
                  | (68%), watch out!
 19237 | Lair:5   | Danger: dream sheep |T2| Reason: Irresistible Dream Dust
                  | (68%), watch out!
 19237 | Lair:5   | Danger: dream sheep |T2| Reason: Irresistible Dream Dust
                  | (68%), watch out!
 19238 | Lair:5   | Danger: dream sheep |T2| Reason: Irresistible Dream Dust
                  | (52%), watch out!
 19238 | Lair:5   | Danger: dream sheep |T2| Reason: Irresistible Dream Dust
                  | (52%), watch out!
 19240 | Lair:5   | Danger: dream sheep |T2| Reason: Irresistible Dream Dust
                  | (4%), watch out!
 19243 | Lair:5   | Reached skill level 11 in Shapeshifting
 19298 | Lair:5   | Danger: Low HP Warning |T2| Reason: 41% HP (40/96)
 19306 | Lair:5   | Danger: Low HP Warning |T2| Reason: 51% HP (49/96)
 19382 | Lair:5   | Danger: Low HP Warning |T2| Reason: 59% HP (55/93)
 19383 | Lair:5   | Danger: Low HP Warning |T2| Reason: 60% HP (56/93)
 19393 | Lair:5   | Danger: Low HP Warning |T2| Reason: 56% HP (53/93)
 19576 | Lair:5   | Danger: Low HP Warning |T2| Reason: 46% HP (44/94)
 19686 | Lair:5   | Received a gift from Okawaru
 19746 | Lair:5   | Danger: Low HP Warning |T2| Reason: 36% HP (35/96)
 19747 | Lair:5   | Danger: Low HP Warning |T2| Reason: 30% HP (29/96)
 19748 | Lair:5   | Danger: Low HP Warning |T2| Reason: 31% HP (30/96)
 19749 | Lair:5   | Danger: Low HP Warning |T2| Reason: 32% HP (31/96)
 19750 | Lair:5   | Danger: Low HP Warning |T2| Reason: 34% HP (33/96)
 19751 | Lair:5   | Danger: Low HP Warning |T2| Reason: 35% HP (34/96)
 19752 | Lair:5   | Danger: Low HP Warning |T2| Reason: 36% HP (35/96)
 19753 | Lair:5   | Danger: Low HP Warning |T2| Reason: 37% HP (36/96)
 19754 | Lair:5   | Danger: Low HP Warning |T2| Reason: 38% HP (37/96)
 19755 | Lair:5   | Danger: Low HP Warning |T2| Reason: 39% HP (38/96)
 19756 | Lair:5   | Danger: Low HP Warning |T2| Reason: 40% HP (39/96)
 19757 | Lair:5   | Danger: Low HP Warning |T2| Reason: 41% HP (40/96)
 19758 | Lair:5   | Danger: Low HP Warning |T2| Reason: 41% HP (40/96)
 19759 | Lair:5   | Danger: Low HP Warning |T2| Reason: 41% HP (40/96)
 19760 | Lair:5   | Danger: Low HP Warning |T2| Reason: 43% HP (42/96)
 19761 | Lair:5   | Danger: Low HP Warning |T2| Reason: 44% HP (43/96)
 19762 | Lair:5   | Danger: Low HP Warning |T2| Reason: 45% HP (44/96)
 19763 | Lair:5   | Danger: Low HP Warning |T2| Reason: 46% HP (45/96)
 19764 | Lair:5   | Danger: Low HP Warning |T2| Reason: 47% HP (46/96)
 19765 | Lair:5   | Danger: Low HP Warning |T2| Reason: 48% HP (47/96)
 19766 | Lair:5   | Danger: Low HP Warning |T2| Reason: 50% HP (48/96)
 19767 | Lair:5   | Danger: Low HP Warning |T2| Reason: 52% HP (50/96)
 19769 | Lair:5   | Danger: Low HP Warning |T2| Reason: 54% HP (52/96)
 19770 | Lair:5   | Danger: Low HP Warning |T2| Reason: 55% HP (53/96)
 19771 | Lair:5   | Danger: Low HP Warning |T2| Reason: 56% HP (54/96)
 19772 | Lair:5   | Danger: Low HP Warning |T2| Reason: 57% HP (55/96)
 19773 | Lair:5   | Danger: Low HP Warning |T2| Reason: 59% HP (57/96)
 19774 | Lair:5   | Danger: Low HP Warning |T2| Reason: 60% HP (58/96)
 19834 | Lair:5   | Reached skill level 12 in Shapeshifting
 19841 | Lair:5   | Danger: Low HP Warning |T2| Reason: 45% HP (44/96)
 19842 | Lair:5   | Danger: Low HP Warning |T2| Reason: 47% HP (46/96)
 19843 | Lair:5   | Danger: Low HP Warning |T2| Reason: 48% HP (47/96)
 19844 | Lair:5   | Danger: Low HP Warning |T2| Reason: 50% HP (48/96)
 19845 | Lair:5   | Danger: Low HP Warning |T2| Reason: 51% HP (49/96)
 19846 | Lair:5   | Danger: Low HP Warning |T2| Reason: 52% HP (50/96)
 19847 | Lair:5   | Danger: Low HP Warning |T2| Reason: 53% HP (51/96)
 19848 | Lair:5   | Danger: Low HP Warning |T2| Reason: 54% HP (52/96)
 19849 | Lair:5   | Danger: Low HP Warning |T2| Reason: 54% HP (52/96)
 19850 | Lair:5   | Danger: Low HP Warning |T2| Reason: 55% HP (53/96)
 19851 | Lair:5   | Danger: Low HP Warning |T2| Reason: 56% HP (54/96)
 19852 | Lair:5   | Danger: Low HP Warning |T2| Reason: 57% HP (55/96)
 19853 | Lair:5   | Danger: Low HP Warning |T2| Reason: 58% HP (56/96)
 19853 | Lair:5   | Received a gift from Okawaru
 19854 | Lair:5   | Danger: Low HP Warning |T2| Reason: 59% HP (57/96)
 19855 | Lair:5   | Danger: Low HP Warning |T2| Reason: 59% HP (57/96)
 19856 | Lair:5   | Danger: Low HP Warning |T2| Reason: 60% HP (58/96)
 20461 | Lair:5   | Reached skill level 13 in Shapeshifting
 20465 | Lair:5   | Danger: Low HP Warning |T2| Reason: 58% HP (56/96)
 20466 | Lair:5   | Danger: Low HP Warning |T2| Reason: 59% HP (57/96)
 20467 | Lair:5   | Danger: Low HP Warning |T2| Reason: 56% HP (54/96)
 20469 | Lair:5   | Danger: Low HP Warning |T2| Reason: 59% HP (57/96)
 20470 | Lair:5   | Danger: Low HP Warning |T2| Reason: 53% HP (51/96)
 20471 | Lair:5   | Danger: Low HP Warning |T2| Reason: 54% HP (52/96)
 20474 | Lair:5   | Danger: Low HP Warning |T2| Reason: 57% HP (55/96)
 20475 | Lair:5   | Danger: Low HP Warning |T2| Reason: 59% HP (57/96)
 20476 | Lair:5   | Danger: Low HP Warning |T2| Reason: 60% HP (58/96)
 20479 | Lair:5   | Danger: Low HP Warning |T2| Reason: 58% HP (56/96)
 20828 | Lair:5   | Noticed a dire elephant
 20829 | Lair:5   | Danger: dire elephant |T2| Reason: OOD monster, careful!
 20838 | Lair:5   | Danger: dire elephant |T2| Reason: OOD monster, careful!
 20853 | Lair:5   | Killed a dire elephant
 20871 | Lair:5   | Reached XP level 14. HP: 90/103 MP: 17/20
 21164 | D:11     | Danger: orc |T2| Reason: Quivering boomerangs, careful!
 21164 | D:11     | Danger: cyclops |T2| Reason: Quivering large rocks, watch
                  | out!!
 21206 | D:12     | Found a portal to a secret trove of treasure.
 21546 | D:12     | Noticed Jorgrun
 21547 | D:12     | Danger: Jorgrun |T3| Reason: Petrify and low Will
 21547 | D:12     | Danger: Jorgrun |T2| Reason: Unique monster, careful!
 21547 | D:12     | Danger: Jorgrun |T2| Reason: Lee's Rapid Deconstruction
                  | deals more than 50% MHP!
 21547 | D:12     | Danger: Jorgrun |T2| Reason: Leda's Unmaking deals more
                  | than 50% MHP!
 21548 | D:12     | Danger: Jorgrun |T3| Reason: Petrify and low Will
 21549 | D:12     | Danger: Jorgrun |T3| Reason: Petrify and low Will
 21550 | D:12     | Danger: Jorgrun |T3| Reason: Petrify and low Will
 21551 | D:12     | Danger: Jorgrun |T3| Reason: Petrify and low Will
 21552 | D:12     | Danger: Jorgrun |T3| Reason: Petrify and low Will
 21553 | D:12     | Danger: Jorgrun |T3| Reason: Petrify and low Will
 21554 | D:12     | Danger: Jorgrun |T3| Reason: Petrify and low Will
 21555 | D:12     | Danger: Jorgrun |T3| Reason: Petrify and low Will
 21555 | D:12     | Danger: Low HP Warning |T2| Reason: 50% HP (52/103)
 21556 | D:12     | Danger: Jorgrun |T3| Reason: Petrify and low Will
 21556 | D:12     | Danger: Low HP Warning |T2| Reason: 38% HP (40/103)
 21557 | D:12     | Danger: Jorgrun |T3| Reason: Petrify and low Will
 21557 | D:12     | Danger: Low HP Warning |T2| Reason: 39% HP (41/103)
 21557 | D:12     | Constricted to death by Jorgrun

Illustrated notes

Levels and vault maps discovered:
D:1:      erik_arrival_cave_to_civilisation [erik_arrival_cave_to_hall],
          layout_basic
D:2:      layout_loops_cross
D:3:      layout_loops_ring, trog_butcher_becter, kennysheep_orc_chapel,
          uniq_jessica
D:4:      layout_gridville, minmay_temple_entry_grid,
          hangedman_abyss_or_decor_lesser_grid, grunt_ministairs_10
D:5:      layout_gridville, ashenzari_altar_1, serial_shops,
          nicolae_square_shop, grunt_tough_drop
D:6:      layout_rooms, overflow_temple_1_default, mainiacjoe_overflow_catwalk,
          hangedman_decor_peaks_small, uniq_duvessa
D:7:      layout_rooms, gammafunk_temple_overflow_forgotten,
          mainiacjoe_overflow_surrounded_room, mainiacjoe_overflow_tiny_flanked,
          kennysheep_crisscross, nrook_uturn, nicolae_twisty_statue_hallways
D:8:      layout_loops_ring, lemuel_coloured_pillars_altar,
          nicolae_sif_muna_condensation,
          ploomutoo_gammafunk_ghost_potion_laboratory
D:9:      layout_gridville, general_overflow_altar, lair_entry_dummy,
          enter_bailey_4, uniq_gastronok
D:10:     layout_irregular_city, eat_drink_and_be_merry_uskayaw, orc_0_dummy,
          david_defended_altar_orc
D:11:     layout_roguey, serial_rivers, chequers_serial_rivers_large_b,
          chequers_serial_rivers_micro_c, chequers_serial_rivers_small_b,
          chequers_serial_rivers_marsh, chequers_serial_rivers_marsh,
          chequers_serial_rivers_room_b, nicolae_diode_intersection
D:12:     layout_roguey, nicolae_trove_entry_crossroad, uniq_jorgrun
Temple:   grunt_temple_mini_profane
Lair:1:   layout_loops_ring
Lair:2:   layout_gridlike, minmay_swamp_entry_reptiles, serial_bayou_lagoon_b
Lair:3:   wander_river, layout_gridlike, guppyfry_snake_entry_island,
          chequers_serial_rivers_room_a
Lair:4:   layout_regular_city, nicolae_slime_entry_slimehenge, lemuel_fruit_tree
Lair:5:   grunt_lair_end_beastmaster, layout_cave_pods

Skill      XL: |  1  2  3  4  5  6  7  8  9 10 11 12 13 |
---------------+----------------------------------------+-----
Unarmed Combat | 3 4 5 9 10 | 10.0
Fighting       | 2 3 4 5 7 |  7.0
Shapeshifting  | 3 5 6 9 10 13 | 13.6
Maces & Flails | 1 3 |  3.6
Evocations     | 1 5 6 |  6.0
Invocations    | 3 8 |  8.0
Throwing       | 3 |  3.0
Dodging        | 5 8 |  8.0

Action                     |  1- 3 |  4- 6 |  7- 9 | 10-12 | 13-15 || total
---------------------------+-------+-------+-------+-------+-------++-------
  Melee: Unarmed           |   108 |     6 |   264 |   397 |   322 ||  1097
         Punch             |     2 |     1 |    20 |    28 |    35 ||    86
         Tailslap          |     5 |    16 |    49 |    67 |    78 ||   215
         Club              |       |   104 |    72 |       |       ||   176
         Kick              |       |     9 |    92 |   176 |   121 ||   398
         Lajatang          |       |       |       |   124 |       ||   124
  Throw: Stone             |     7 |    10 |    13 |       |       ||    30
         Throwing net      |       |     2 |     4 |       |       ||     6
         Dart              |       |       |     4 |    12 |       ||    16
         Boomerang         |       |       |       |     9 |       ||     9
 Invoke: Heroism           |       |       |     9 |    23 |    13 ||    45
Ability: Begin Untransform |     1 |       |     2 |     2 |     1 ||     6
  Evoke: Wand              |       |       |    10 |     4 |       ||    14
         Phial of floods   |       |       |       |       |     1 ||     1
    Use: Scroll            |     1 |     8 |     5 |     5 |     5 ||    24
         Potion            |     1 |     3 |     5 |     7 |       ||    16
   Stab: Sleeping          |     2 |       |     1 |     1 |     1 ||     5
         Held in net/web   |       |       |     1 |       |       ||     1
         Invisible         |       |       |       |     4 |       ||     4
         Petrified         |       |       |       |       |     1 ||     1
 Armour: Animal skin       |     4 |       |       |       |       ||     4
         Scale mail        |    23 |    42 |    22 |       |       ||    87
         Skin              |       |    15 |     7 |    24 |       ||    46
         Ring mail         |       |       |    46 |       |       ||    46
         Leather armour    |       |       |    12 |       |       ||    12
         Steam dragon scal |       |       |     3 |    74 |    29 ||   106
  Dodge: Dodged            |    62 |    74 |   249 |   430 |   294 ||  1109
   Form: Beast             |     1 |       |     2 |     2 |       ||     5
         Blade             |       |       |       |     1 |     1 ||     2

Table legend: (Time is in decaauts)
 A = Elapsed time spent in this place.
 B = Non-inter-level travel time spent in this place.
 C = Inter-level travel time spent in this place.
 D = Time resting spent in this place.
 E = Time spent auto-exploring this place.
 F = Levels seen in this place.
 G = Mean time per level.
                   A        B        C        D        E       F      G
               +--------+--------+--------+--------+--------+-----+--------+
         Total |  21505 |  19856 |   1649 |   3099 |  12075 |  19 | 1131.8 |
       Dungeon |  15340 |  14024 |   1316 |   2646 |   8310 |  12 | 1278.3 |
        Temple |     54 |      3 |     51 |      0 |      0 |   1 |   54.0 |
          Lair |   5589 |   5307 |    282 |    190 |   3658 |   5 | 1117.8 |
        Bailey |    520 |    520 |      0 |    263 |    105 |   1 |  520.0 |
               +--------+--------+--------+--------+--------+-----+--------+

Top non-repeatable levels by time:
     D:5: 2229 daAuts
  Lair:5: 1708 daAuts
     D:6: 1664 daAuts
     D:4: 1656 daAuts
     D:3: 1608 daAuts
     D:8: 1364 daAuts
    D:11: 1351 daAuts
     D:1: 1199 daAuts
  Lair:1: 1129 daAuts
     D:9: 1076 daAuts
    D:10: 1051 daAuts
  Lair:3: 986 daAuts
  Lair:4: 933 daAuts
     D:2: 931 daAuts
     D:7: 862 daAuts
